 Dungeon Crawl Stone Soup version 0.29.1-2-gbd0b4ee654 (webtiles) character file.

Game seed: 18046030967267570431

233 Arcadio the Shooter (level 5, 0/47 HPs)
             Began as a Minotaur Hunter on Nov 4, 2022.
             Slain by an orc
             ... wielding a +0 morningstar
              (8 damage)
             ... on level 3 of the Dungeon.
             The game lasted 00:06:15 (1852 turns).

Arcadio the Shooter (Minotaur Hunter)               Turns: 1852, Time: 00:06:16

Health: 0/47       AC:  4    Str: 16    XL:     5   Next: 74%
Magic:  4/4        EV: 12    Int:  6    God:
Gold:   155        SH:  5    Dex: 15    Spells: 4/4 levels left

rFire   . . .      SeeInvis .   b - +0 dagger (venom)
rCold   . . .      Faith    .   (no shield)
rNeg    . . .      Spirit   .   c - +0 leather armour
rPois   .          Reflect  +   (helmet restricted)
rElec   .          Harm     .   (no cloak)
rCorr   .          Rampage  .   (no gloves)
Will    .....                   e - +0 pair of boots
Stlth   +.........              l - amulet of reflection
HPRegen 0.15/turn               (no ring)
MPRegen 0.09/turn               (no ring)

@: no status effects
A: horns 2, retaliatory headbutt
a: no special abilities


You were on level 3 of the Dungeon.
You visited 1 branch of the dungeon, and saw 3 of its levels.

You collected 155 gold pieces.

Inventory:

Hand Weapons
 a - a +0 shortbow
 b - a +0 dagger of venom (weapon)
 i - a +0 whip
Armour
 c - a +0 leather armour (worn)
 d - a +0 chain mail
 e - a +0 pair of boots (worn)
Jewellery
 l - an amulet of reflection (around neck)
 p - an amulet of guardian spirit
Scrolls
 f - a scroll of immolation
 h - a scroll of butterflies {unknown}
 m - 4 scrolls of blinking {unknown}
Potions
 g - a potion of degeneration {unknown}
 j - a potion of mutation
 k - a potion of attraction
 n - 2 potions of curing
 o - a potion of berserk rage {unknown}
 q - a potion of ambrosia {unknown}


   Skills:
 + Level 4.6 Fighting
 + Level 5.7 Ranged Weapons
 + Level 3.7 Armour
 - Level 2.1 Dodging
 - Level 0.7 Stealth


You had 4 spell levels left.
You didn't know any spells.
Your spell library contained the following spells:

 Spells                   Type           Power      Damage    Failure   Level
 Anguish                  Hex/Necr       0%         N/A       99%         4
 Enfeeble                 Hex            0%         N/A       100%        7


Dungeon Overview and Level Annotations

Branches:
Dungeon (3/15) Zot: 16133

Altars:

Annotations:
D:3 1 runed translucent door, Crazy Yiuf


Innate Abilities, Weirdness & Mutations

You have a pair of horns on your head.
You reflexively headbutt those who attack you in melee.


Message History

You hear some strange, mumbled words.
Something tries to affect you, but you resist.
You bump into the rock wall.
Something hits you but does no damage.
You bump into the rock wall.
Something hits you.
You bump into the rock wall.
Something hits you but does no damage.
You bump into the rock wall.
You feel less confused.
You hear some strange, mumbled words.
Something tries to affect you, but you resist.
You miss something. Something hits you.
You hit something but do no damage. You headbutt something. Something hits you.
You miss something. Something hits you but does no damage.
You hit something.
Reactivating autopickup.
You feel a bit more experienced.
Items here: )) [ †.
An orc wizard comes into view. It is wielding a +0 dagger.
The orc wizard shouts!
The orc wizard casts a spell at you.
You are confused.
The orc wizard barely misses you.
You miss the orc wizard.
The orc wizard hits you with a +0 dagger.
A dart slug comes into view.
A rat comes into view.
Found an escape hatch in the floor.
An orc comes into view. It is wielding a +0 morningstar.
The orc wizard hits you with a +0 dagger.
You're too confused to move!
The orc wizard closely misses you.
You closely miss the orc wizard.
You feel less confused.
The orc wizard hits you but does no damage.
The orc hits you with a +0 morningstar!
* * * LOW HITPOINT WARNING * * *
You hit the orc wizard.
The orc wizard is lightly wounded.
The orc wizard hits you with a +0 dagger.
* * * LOW HITPOINT WARNING * * *
The orc hits you with a +0 morningstar!
You die...

#.######.
#........
#........
#........
####.......>
..#........
#.#........
#o#...r....
##.#####o@...w....
#......).#########
########.# #.#
#.#########.
####...........
#.....#########
#>...........
#.##.########


You could see an orc wizard, a dart slug, an orc and a rat.

Vanquished Creatures
  2 orc priests (D:3)
  3 orc wizards (D:3)
  3 adders
  A gnoll (D:1)
  A worm (D:3)
  A dart slug (D:1)
  5 orcs (D:3)
  5 bats
  8 endoplasms
  7 goblins
  6 hobgoblins
  A quokka (D:1)
  2 ball pythons (D:1)
  A frilled lizard (D:2)
  5 kobolds
  A rat (D:2)
52 creatures vanquished.

Notes
Turn   | Place    | Note
-------+----------+-------------------------------------------
     0 | D:1      | Arcadio the Minotaur Hunter began the quest for the Orb.
     0 | D:1      | Reached XP level 1. HP: 18/18 MP: 0/0
   102 | D:1      | Reached skill level 1 in Armour
   102 | D:1      | Reached XP level 2. HP: 25/25 MP: 1/1
   364 | D:1      | Reached XP level 3. HP: 31/31 MP: 2/2
   963 | D:2      | Found a faded altar of an unknown god.
   985 | D:2      | Reached skill level 5 in Ranged Weapons
  1038 | D:2      | Reached XP level 4. HP: 39/39 MP: 3/3
  1495 | D:3      | Reached XP level 5. HP: 46/46 MP: 4/4
  1790 | D:3      | Found a runed translucent door.
  1791 | D:3      | Noticed Crazy Yiuf
  1852 | D:3      | Slain by an orc

Illustrated notes

Levels and vault maps discovered:
D:1:      lightli_molten_gateway, layout_basic
D:2:      layout_rooms, chequers_ecumenical_altar_simple_redux,
          kennysheep_decorative_pillar
D:3:      layout_basic, minmay_misc_feat_iff, grunt_decor_junction, hex_large,
          kennysheep_flooded_box, uniq_crazy_yiuf_cottage

Skill      XL: |  1  2  3  4 |
---------------+-------------+-----
Armour         | 1 2 3 |  3.7
Fighting       | 3 4 |  4.6
Ranged Weapons | 5 |  5.7
Dodging        | |  2.1
Stealth        | |  0.7

Action                   |  1- 3 |  4- 6 || total
-------------------------+-------+-------++-------
Melee: Unarmed           |     5 |       ||     5
       Dagger            |     9 |    44 ||    53
       Whip              |     1 |       ||     1
       Headbutt          |       |    10 ||    10
       Punch             |       |     1 ||     1
 Fire: Shortbow          |    64 |    27 ||    91
  Use: Scroll            |     2 |       ||     2
       Potion            |       |     1 ||     1
Armor: Leather armour    |    12 |    17 ||    29
Dodge: Dodged            |    26 |    22 ||    48
Block: Other             |       |    12 ||    12
